Workbook

Sheet 1. Asseg, Monit e Sintesi Ob.
B1: Scheda per l’assegnazione al dirigente, i relativi monitoraggi e la sintesi al 31.12 degli obiettivi organizzativi di struttura e trasversali (il cui conseguimento/coordinamento è attribuito al dirigente medesimo) ed eventuali obiettivi individuali ulteriori
B2: RESPONSABILE: DIRIGENTE dell'AREA BILANCIO e FINANZA
A3: ob. N. | B3: finalità | C3: Obiettivo | D3: Peso | E3: Indicatore | F3: Target 2023 | G3: I Monitoraggio Indicare i risultati intermedi/stato di avanzamento al 30 giugno | H3: Scostamento | I3: II Monitoraggio Indicare i risultati intermedi/stato di avanzamento al 31 ottobre | J3: Scostamento | K3: Sintesi Indicare i risultati raggiunti al 31 dicembre | L3: Scostamento
A4: ='2. SCHEDA VAL. FIN. OB.'!A9 -> 4 | B4: ='2. SCHEDA VAL. FIN. OB.'!B9 -> Parità di Genere - GEP – Azione n. 6 | C4: ='2. SCHEDA VAL. FIN. OB.'!C9 -> Revisione del linguaggio di genere nella comunicazione istituzionale/amministrativa Adozione in Ateneo di un linguaggio inclusivo e rispettoso del genere Revisione della Modulistica amministrativa in ottica di genere | D4: ='2. SCHEDA VAL. FIN. OB.'!D9 -> 0.1 | E4: ='2. SCHEDA VAL. FIN. OB.'!E9 -> % percentuale di moduli revisionati rispetto ai moduli amministrativi pubblicati sul sito web di Ateneo, nella sezione Modulistica | F4: ='2. SCHEDA VAL. FIN. OB.'!F9 -> B) 50%
A5: ='2. SCHEDA VAL. FIN. OB.'!A10 -> 5 | B5: ='2. SCHEDA VAL. FIN. OB.'!B10 -> Strategico - PSA- TRAIETTORIA Semplificazione e Università Agile Parità di Genere - GEP - Azione 1A - Lavoro Agile | C5: ='2. SCHEDA VAL. FIN. OB.'!C10 -> Investire nell’empowerment delle risorse umane e migliorare la qualità dei servizi. Monitoraggio e miglioramento servizi a distanza Contributo per la parte di competenza alle seguenti attività: A) Definizione/aggiornamento del sistema di monitoraggio dei servizi erogati a distanza B) Pubblicazione on line degli standard di qualità C) monitoraggio del grado di soddisfazione dell'utenza in relazione ai servizi a distanza | D5: ='2. SCHEDA VAL. FIN. OB.'!D10 -> 0.15 | E5: ='2. SCHEDA VAL. FIN. OB.'!E10 -> % di contributo, per la parte di competenza, al raggiugimento dei target di Ateneo, fissati per questo obiettivo nell'appendice 3.2.B del PIAO: SI/NO | F5: ='2. SCHEDA VAL. FIN. OB.'!F10 -> 100% del contributo necessario, di seguito riportato: aggiornamento/completamento delle carte dei servizi elencati in nota**** ( i facsimile e l'ulteriore documentazione utile per completare/aggiornare le schede dei servizi sono stati inviati via mail al dirigente da uff.organizzazione@unina.it il 12 maggio 2023)
A6: ='2. SCHEDA VAL. FIN. OB.'!A11 -> 10 | B6: ='2. SCHEDA VAL. FIN. OB.'!B11 -> Strategico - PSA- TRAIETTORIA Semplificazione e Università Agile | C6: ='2. SCHEDA VAL. FIN. OB.'!C11 -> Semplificazione, digitalizzazione e accelerazione del processo di rimborso tasse studenti | D6: ='2. SCHEDA VAL. FIN. OB.'!D11 -> 0.1 | E6: ='2. SCHEDA VAL. FIN. OB.'!E11 -> contributo, per la parte di competenza, all'ulteriore digitalizzazione della procedura, in caso di rimborso su istanza di parte: SI/NO | F6: ='2. SCHEDA VAL. FIN. OB.'!F11 -> SI
A7: ='2. SCHEDA VAL. FIN. OB.'!A12 -> 11 | B7: ='2. SCHEDA VAL. FIN. OB.'!B12 -> Prevenzione della Corruzione e Trasparenza | C7: ='2. SCHEDA VAL. FIN. OB.'!C12 -> Rafforzamento e difesa dei valori etici e dell’integrità nella comunità accademica. Attuazione, per la parte di competenza, delle azioni per la trasparenza e la prevenzione della corruzione, precisato nella tabella 2.2.2 AT: cfr. ob AT dir | D7: ='2. SCHEDA VAL. FIN. OB.'!D12 -> 0.25 | E7: ='2. SCHEDA VAL. FIN. OB.'!E12 -> cfr. tabella 2.2.2 AT - ob AT dir | F7: ='2. SCHEDA VAL. FIN. OB.'!F12 -> cfr. tabella 2.2.2 AT - ob AT dir
A8: ='2. SCHEDA VAL. FIN. OB.'!A13 -> 16 | B8: ='2. SCHEDA VAL. FIN. OB.'!B13 -> Strategico - PSA- TRAIETTORIA Semplificazione e Università Agile | C8: ='2. SCHEDA VAL. FIN. OB.'!C13 -> Supportare le decisioni strategiche, migliorare il processo di pianificazione integrata ed il monitoraggio della performance dell'Ateneo Integrazione del ciclo di bilancio con il ciclo della performance | D8: ='2. SCHEDA VAL. FIN. OB.'!D13 -> 0.4 | E8: ='2. SCHEDA VAL. FIN. OB.'!E13 -> stato di avanzamento | F8: ='2. SCHEDA VAL. FIN. OB.'!F13 -> Avvio del processo di integrazione tra programmazione strategica ed economico finanziaria: a) adattamento dell'applicativo U-budget; b) definizione di istruzioni operative; c) predisposizione in Relazione Illustrativa al bilancio di previsione 2024 (da approvarsi entro il 31.12.2023) di apposita sezione denominata BUDGET PER ATTIVITA'
A9: ='2. SCHEDA VAL. FIN. OB.'!A14 -> 0 | B9: ='2. SCHEDA VAL. FIN. OB.'!B14 -> 0 | C9: ='2. SCHEDA VAL. FIN. OB.'!C14 -> 0 | D9: ='2. SCHEDA VAL. FIN. OB.'!D14 -> 0 | E9: ='2. SCHEDA VAL. FIN. OB.'!E14 -> 0 | F9: ='2. SCHEDA VAL. FIN. OB.'!F14 -> 0
B11: Scheda per l’assegnazione al dirigente, i relativi monitoraggi e la sintesi al 31.12 degli obiettivi di performance organizzativa collegati all’ascolto dell’utenza ed alle conseguenti azioni di miglioramento (il cui conseguimento/coordinamento è attribuito al dirigente medesimo)
A12: ob. N. | B12: finalità | C12: Obiettivo | E12: Indicatore | F12: Target 2023 | G12: I Monitoraggio Indicare i risultati intermedi/stato di avanzamento al 30 giugno | H12: Scostamento | I12: II Monitoraggio Indicare i risultati intermedi/stato di avanzamento al 31 ottobre | J12: Scostamento | K12: Sintesi Indicare i risultati raggiunti al 31 dicembre | L12: Scostamento
A13: 19 | B13: ='2. SCHEDA VAL. FIN. OB.'!B19 -> Strategico - PSA- TRAIETTORIA Semplificazione e Università Agile | C13: ='2. SCHEDA VAL. FIN. OB.'!C19 -> A. analisi delle criticità evidenziatesi nel corso delle diverse indagini già avviate in Ateneo negli anni 2020/2021/2022 per la rilevazione del grado di soddisfazione | E13: ='2. SCHEDA VAL. FIN. OB.'!E19 -> A) % di attuazione, per la parte di competenza | F13: ='2. SCHEDA VAL. FIN. OB.'!F19 -> A) 100%, con invio di una relazione al DG via pec, entro 60 gg dalla ricezione degli esiti delle precedenti indagini da parte dell'ufficio organizzazione e performance
C14: ='2. SCHEDA VAL. FIN. OB.'!C20 -> B. conseguente progettazione e avvio di azioni di miglioramento con riferimento, a specifici servizi | E14: ='2. SCHEDA VAL. FIN. OB.'!E20 -> B) % di attuazione, per la parte di competenza | F14: ='2. SCHEDA VAL. FIN. OB.'!F20 -> B) 100%, con invio - entro il 31.10.2023 - di una relazione al DG, via pec
C15: ='2. SCHEDA VAL. FIN. OB.'!C21 -> C. progettazione e avvio di ulteriori indagini per l’ascolto dell’utenza di Ateneo, con riferimento a specifici servizi | E15: ='2. SCHEDA VAL. FIN. OB.'!E21 -> C) contributo alla progettazione e allo svolgimento delle indagini | F15: ='2. SCHEDA VAL. FIN. OB.'!F21 -> C) sì, per la parte di competenza

Sheet 2. SCHEDA VAL. FIN. OB.
B1: SCHEDA PER LA MISURAZIONE E VALUTAZIONE DEGLI OBIETTIVI ASSEGNATI AL DIRIGENTE (obiettivi organizzativi di struttura assegnati al conseguimento o coordinamento del dirigente, obiettivi trasversali assegnati al coordinamento del dirigente, eventuali ulteriori obiettivi individuali assegnati)
B2: PESO: 35 %*** DELLA RETRIBUZIONE DI RISULTATO COMPLESSIVA
B4: Data:
B5: Soggetto valutatore: Direttore Generale
B6: Nome dirigente valutato: Dott.ssa Colomba TUFANO
A8: ob. N. | B8: Finalità | C8: Obiettivo/Azioni | D8: Peso | E8: Indicatore | F8: Target 2023 | G8: Descrizione dei risultati raggiunti al 31 dicembre | H8: Risultato Raggiunto (in %) | I8: Punteggio Autovalutazione* (in %) | K8: Punteggio Valutazione (in %) | L8: Punteggio valutato rispetto al peso dell'obiettivo | M8: Motivazioni del soggetto valutatore **
A9: 4 | B9: Parità di Genere - GEP – Azione n. 6 | C9: Revisione del linguaggio di genere nella comunicazione istituzionale/amministrativa Adozione in Ateneo di un linguaggio inclusivo e rispettoso del genere Revisione della Modulistica amministrativa in ottica di genere | D9: 0.1 | E9: % percentuale di moduli revisionati rispetto ai moduli amministrativi pubblicati sul sito web di Ateneo, nella sezione Modulistica | F9: B) 50% | L9: =+K9*D9 -> 0
A10: 5 | B10: Strategico - PSA- TRAIETTORIA Semplificazione e Università Agile Parità di Genere - GEP - Azione 1A - Lavoro Agile | C10: Investire nell’empowerment delle risorse umane e migliorare la qualità dei servizi. Monitoraggio e miglioramento servizi a distanza Contributo per la parte di competenza alle seguenti attività: A) Definizione/aggiornamento del sistema di monitoraggio dei servizi erogati a distanza B) Pubblicazione on line degli standard di qualità C) monitoraggio del grado di soddisfazione dell'utenza in relazione ai servizi a distanza | D10: 0.15 | E10: % di contributo, per la parte di competenza, al raggiugimento dei target di Ateneo, fissati per questo obiettivo nell'appendice 3.2.B del PIAO: SI/NO | F10: 100% del contributo necessario, di seguito riportato: aggiornamento/completamento delle carte dei servizi elencati in nota**** ( i facsimile e l'ulteriore documentazione utile per completare/aggiornare le schede dei servizi sono stati inviati via mail al dirigente da uff.organizzazione@unina.it il 12 maggio 2023) | L10: =+K10*D10 -> 0
A11: 10 | B11: Strategico - PSA- TRAIETTORIA Semplificazione e Università Agile | C11: Semplificazione, digitalizzazione e accelerazione del processo di rimborso tasse studenti | D11: 0.1 | E11: contributo, per la parte di competenza, all'ulteriore digitalizzazione della procedura, in caso di rimborso su istanza di parte: SI/NO | F11: SI | L11: =+K11*D11 -> 0
A12: 11 | B12: Prevenzione della Corruzione e Trasparenza | C12: Rafforzamento e difesa dei valori etici e dell’integrità nella comunità accademica. Attuazione, per la parte di competenza, delle azioni per la trasparenza e la prevenzione della corruzione, precisato nella tabella 2.2.2 AT: cfr. ob AT dir | D12: 0.25 | E12: cfr. tabella 2.2.2 AT - ob AT dir | F12: cfr. tabella 2.2.2 AT - ob AT dir | L12: =+K12*D12 -> 0
A13: 16 | B13: Strategico - PSA- TRAIETTORIA Semplificazione e Università Agile | C13: Supportare le decisioni strategiche, migliorare il processo di pianificazione integrata ed il monitoraggio della performance dell'Ateneo Integrazione del ciclo di bilancio con il ciclo della performance | D13: 0.4 | E13: stato di avanzamento | F13: Avvio del processo di integrazione tra programmazione strategica ed economico finanziaria: a) adattamento dell'applicativo U-budget; b) definizione di istruzioni operative; c) predisposizione in Relazione Illustrativa al bilancio di previsione 2024 (da approvarsi entro il 31.12.2023) di apposita sezione denominata BUDGET PER ATTIVITA' | L13: =+K13*D13 -> 0
L14: =+K14*D14 -> 0
D15: =SUM(D9:D14) -> 1 | K15: TOTALE | L15: =SUM(L9:L14) -> 0
B17: obiettivi di performance organizzativa collegati all’ascolto dell’utenza ed alle conseguenti azioni di miglioramento peso complessivo 5%*** della retribuzione di risultato complessiva
A18: ob. N. | B18: Finalità | C18: Obiettivo/Azioni | E18: Indicatore | F18: Target 2023 | G18: Descrizione dei risultati raggiunti al 31 dicembre | H18: Risultato Raggiunto (in %) | I18: Punteggio Autovalutazione* (in %) | K18: Punteggio Valutazione (in %) | L18: Motivazioni del soggetto valutatore **
A19: 19 | B19: Strategico - PSA- TRAIETTORIA Semplificazione e Università Agile | C19: A. analisi delle criticità evidenziatesi nel corso delle diverse indagini già avviate in Ateneo negli anni 2020/2021/2022 per la rilevazione del grado di soddisfazione | E19: A) % di attuazione, per la parte di competenza | F19: A) 100%, con invio di una relazione al DG via pec, entro 60 gg dalla ricezione degli esiti delle precedenti indagini da parte dell'ufficio organizzazione e performance
C20: B. conseguente progettazione e avvio di azioni di miglioramento con riferimento, a specifici servizi | E20: B) % di attuazione, per la parte di competenza | F20: B) 100%, con invio - entro il 31.10.2023 - di una relazione al DG, via pec
C21: C. progettazione e avvio di ulteriori indagini per l’ascolto dell’utenza di Ateneo, con riferimento a specifici servizi | E21: C) contributo alla progettazione e allo svolgimento delle indagini | F21: C) sì, per la parte di competenza
I22: TOTALE | K22: =SUM(K19:K21) -> 0
B25: * Il Punteggio in autovalutazione è pari alla percentuale di raggiungimento del risultato. In caso di scostamento negativo tra la % in autovalutazione e grado di raggiungimento del risultato, il Dirigente dovrà fornire le opportune motivazioni. **In caso di scostamento in positivo o in negativo tra il punteggio di autovalutazione e il punteggio di valutazione relativo a singole voci, il soggetto valutatore dovrà fornire le opportune motivazioni.
B26: *** l’articolazione dei pesi tra le diverse tipologie di obiettivi è fissata nel PIAO, nel rispetto delle previsioni del SMVP: è fissa la percentuale del 5% per gli specifici obiettivi collegati all’ascolto dell’utenza ed alle conseguenti azioni di miglioramento e per gli obiettivi collegati ai miglioramenti di efficienza e di efficacia (obiettivi di continuità); è fissa la percentuale del 45% riguardante gli obiettivi di comportamento organizzativo; gli eventuali obiettivi individuali pesano tra 0 e il 10%; i restanti punti percentuali sono suddivisi tra gli obiettivi strategici di Ateneo e gli obiettivi, anche trasversali, attribuiti alle Aree dell'amministrazione.
B27: ****
B28: PAGAMENTO FATTURE E/O PARCELLE
B29: PAGAMENTO STIPENDI
B30: PAGAMENTO FATTURE E/O PARCELLE
B31: Assistenza fiscale al personale dipendente - Consulenza
B32: Risposte a quesiti di natura tributaria posti dalle diverse strutture dell'Ateneo
B33: Verifica del requisito del fatturato globale dei soggetti partecipanti a procedure di Gara
B34: Servizio di monitoraggio dei documenti giacenti sul cruscotto della fatturazione elettronica delle strutture di ateneo - Elaborazione e trasmissione di report, su base di Ateneo, relativi a fatture in prossimità di scadenza
B35: INCASSO PROVENTI
B36: PAGAMENTO BORSE DI STUDIO
... B42: Rilascio certificati di stipendio (in base a dati rilevabili dagli archivi cartacei e/o informatici)

Sheet 3. Comportamenti
A2: B - VALUTAZIONE DEI DIRIGENTI
A3: SCHEDA PER LA VALUTAZIONE DEI COMPORTAMENTI DIRIGENZIALI (da inviare entro il 15 marzo, nell'ambito del fascicolo di valutazione)
A4: La valutazione dei comportamenti pesa il 45% sulla retribuzione di risultato
A6: Data:
A7: Soggetto valutatore: Direttore Generale
A8: Nome Dirigente valutato: Dott.ssa Colomba TUFANO
A11: Comportamenti | B11: Peso | C11: Indicatori | D11: Domande di controllo | E11: Peso Indicatore | G11: Autovalutazione punteggio* | H11: Motivazione obbligatoria punteggio autovalutazione (a cura del soggetto valutato) ** | I11: Valutazione punteggio* | J11: Punteggio ottenuto in base alla valutazione | K11: Motivazione obbligatoria punteggio valutazione (a cura del soggetto valutatore) in caso di punteggio di valutazione diverso da quello di autovalutazione
J12: %
A13: A) Efficienza, economicità ed efficacia delle azioni | B13: 0.15 | C13: A.1 Orientamento al risultato | D13: A.1 Ha perseguito in modo completo e coordinato i risultati attesi, riducendo effettivamente criticità e problemi negli ambiti di competenza? | E13: 0.4 | J13: =I13*E13*$B$13 -> 0
C14: A.2 Semplificazione e accelerazione delle procedure | D14: A.2 Ha messo in campo le azioni per snellire e accelerare le procedure di competenza dell'Area e degli Uffici ad essa afferenti? | E14: 0.6 | J14: =I14*E14*$B$13 -> 0
A15: B) Orientamento all’utente interno/esterno (anche in relazione ai servizi erogati a distanza) | B15: 0.15 | C15: B.1 Qualità e gestione del disservizio | D15: B.1 Riconosce la non conformità con gli standard previsti e reagisce tempestivamente, adottando le adeguate misure con gli utenti? | E15: 0.6 | J15: =I15*E15*$B$15 -> 0
C16: B.2 Comunicazione con l’utenza | D16: B.2 Ha individuato e adeguatamente pubblicizzato sul sito web di Ateneo molteplici CANALI per la COMUNICAZIONE, anche a DISTANZA, con gli utenti interni ed esterni (con le relative fasce orarie) e ne ha monitorato costantemente il pieno funzionamento, presso l'Area e gli Uffici ad essa afferenti? | E16: 0.4 | J16: =I16*E16*$B$15 -> 0
A17: C) Leadership, Gestione e valorizzazione dei collaboratori (anche in ragione dello svolgimento dell’attività lavorativa in regime di SW) | B17: 0.3 | C17: C.1 Ricerca e implementazione di nuove soluzioni | D17: C.1 Ha ricercato e/o attuato soluzioni innovative, ponendo attenzione anche agli scenari di cambiamento utili all'Ateneo? | E17: 0.1 | J17: =I17*E17*$B$17 -> 0
C18: C.2 Approccio per obiettivi nella gestione degli Uffici afferenti all'Area | D18: C.2 Ha adottato un approccio per obiettivi nella gestione degli Uffici? | E18: 0.15 | J18: =I18*E18*$B$17 -> 0
C19: C.3 Feed-back agli Uffici afferenti all'Area e ASCOLTO dei collaboratori | D19: C.3 Ha organizzato riunioni programmate o altri momenti di confronto per fornire frequenti feed-back agli Uffici ed ai Capi Ufficio sull’andamento delle performance di gruppo ed individuali e per l’ASCOLTO dei collaboratori? | E19: 0.15 | J19: =I19*E19*$B$17 -> 0
C20: C.4 Autorevolezza nel proprio ruolo | D20: C.4 Ha guidato con autorevolezza e stile appropriato il proprio gruppo e le interazioni con l'esterno? | E20: 0.1 | J20: =I20*E20*$B$17 -> 0
C21: C.5 Capacità di gestione del conflitto e sensibilità al clima organizzativo | D21: C.5 Ha attuato modalità di gestione delle dinamiche conflittuali tali da favorire la negoziazione e la cooperazione ed ha adottato le iniziative orientate a rimuovere le situazioni di disagio? | E21: 0.15 | J21: =I21*E21*$B$17 -> 0
C22: C.6 Attenzione allo sviluppo dei collaboratori e capacità di delegare | D22: C.6 Ha incentivato lo sviluppo dei punti di forza e il recupero dei punti di debolezza e delle lacune di conoscenza dei propri collaboratori, incentivando l'assunzione di responsabilità anche mediante delega? | E22: 0.1 | J22: =I22*E22*$B$17 -> 0
C23: C.7 Capacità di valutazione differenziata dei propri collaboratori N.B.: Per il personale in servizio presso l'Area e gli uffici ad essa afferenti si tiene conto dei riepiloghi inviati dall’URSTA al N.d.V. Per il personale di cat D ed EP con incarico conferito dal DG in servizio presso l'Area e gli uffici ad essa afferenti, si tiene conto della valutazione trasmessa dai dirigenti ad URSTA e, per conoscenza, all’Ufficio Organizzazione e Performance. | D23: C.7 Attenta e motivata differenziazione dei giudizi dei collaboratori, al fine di assicurare una rappresentazione veritiera del contributo assicurato dai singoli ai risultati dell'organizzazione sia in termini di obiettivi raggiunti, sia di comportamenti resi | E23: 0.25 | J23: =I23*E23*$B$17 -> 0
A24: D) Capacità di programmazione e controllo (anche con riguardo alla programmazione del lavoro in modalità agile) | B24: 0.3 | C24: D.1 Valorizzazione della programmazione e monitoraggio costante dello stato di avanzamento degli obiettivi/attività degli Uffici e dei Capi Ufficio | D24: D.1 Ha posto in essere misure opportune per la valorizzazione della programmazione ed ha monitorato costantemente lo stato di avanzamento degli obiettivi/attività degli Uffici e dei Capi Ufficio, con individuazione delle azioni correttive da adottare? | E24: 0.2 | J24: =I24*E24*$B$24 -> 0
C25: D.2 Svolgimento delle attività in funzione della qualità e tempestività del sistema di programmazione e valutazione dell’Ateneo | D25: D.2a Ha inviato i report di monitoraggio degli obiettivi tenendo conto dei tempi previsti nel SMVP, finalizzati a consentire le conseguenti valutazioni e la tempestiva adozione delle azioni correttive eventualmente necessarie (a seguito del I monitoraggio) nonché la successiva programmazione (a seguito del II monitoraggio)? | E25: 0.15 | J25: =I25*E25*$B$24 -> 0
D26: D.2b Ha inviato l'intero fascicolo di valutazione e la relativa documentazione di dettaglio tenendo conto dei tempi previsti nel SMVP, finalizzati ad assicurare la tempestiva predisposizione della Relazione sulle performance? | E26: 0.15 | J26: =I26*E26*$B$24 -> 0
D27: D.2c Ha inviato tutta la documentazione di propria competenza all’URSTA in ordine alla valutazione del personale in servizio presso la Ripartizione e gli uffici ad essa afferenti (obiettivi di continuità, nonché valutazione dei comportamenti del personale di cat B-C-D senza incarico) tenendo conto dei tempi previsti nel SMVP, finalizzati anche a consentire la tempestiva liquidazione degli importi agli aventi diritto? | E27: 0.15 | H27: DOCUMENTAZIONE TRASMESSA ALL'URSTA IN DATA***: Ufficio Contabilità Area 1 prot. n. __ in data ____ Ufficio Contabilità Area 2 prot. n. __ in data ____ Ufficio Contabilità e Adempimenti Fiscali prot. n. __ in data ____ Ufficio Gestione proventi e trasferimenti interni prot. n. __ in data ____ Ufficio Patrimonio prot. n. __ in data ____ Ufficio Programmazione Economico Finanziaria prot. n. __ in data ____ Ufficio Stipendi prot. n. __ in data ____ Ufficio di Supporto alla Gestione Economico - Finanziaria prot. n. __ in data ____ | J27: =I27*E27*$B$24 -> 0
D28: D.2d Ha inviato tutta la documentazione di propria competenza all’URSTA in ordine alla valutazione del personale di cat D ed EP con incarico conferito dal DG in servizio presso l'Area e gli uffici ad essa afferenti, tenendo conto dei tempi previsti nel SMVP, finalizzati anche a consentire la tempestiva liquidazione degli importi agli aventi diritto? | E28: 0.15 | H28: DOCUMENTAZIONE TRASMESSA ALL'URSTA IN DATA***: Ufficio Contabilità Area 1 prot. n. __ in data ____ Ufficio Contabilità Area 2 prot. n. __ in data ____ Ufficio Contabilità e Adempimenti Fiscali prot. n. __ in data ____ Ufficio Gestione proventi e trasferimenti interni prot. n. __ in data ____ Ufficio Patrimonio prot. n. __ in data ____ Ufficio Programmazione Economico Finanziaria prot. n. __ in data ____ Ufficio Stipendi prot. n. __ in data ____ Ufficio di Supporto alla Gestione Economico - Finanziaria prot. n. __ in data ____ | J28: =I28*E28*$B$24 -> 0
D29: D.2e Ha inviato al competente ufficio dell'Area Bilancio i dati richiesti annualmente, tenendo conto dei tempi fissati dal D.G., finalizzati alla tempestiva predisposizione del Bilancio di Ateneo? N.B. i dirigenti dovranno indicare per la propria Area e gli Uffici di afferenza gli estremi delle note di trasmissione all'Ufficio Programmazione Economico Finanziaria | E29: 0.2 | J29: =I29*E29*$B$24 -> 0
A30: E) Problem solving | B30: 0.1 | C30: E.1 Gestione degli imprevisti | D30: E.1 Ha risposto con prontezza, lucidità ed efficacia alle situazioni non prevedibili? | E30: 0.6 | J30: =I30*E30*$B$30 -> 0
C31: E.2 Collaborazione e aiuto ad altre strutture Ateneo per la risoluzione di criticità e problemi o per il miglioramento delle procedure nell'interesse degli utenti interni/esterni | D31: E.2 Ha adottato significative azioni di collaborazione e sostegno a colleghi/e? | E31: 0.4 | J31: =I31*E31*$B$30 -> 0
A32: TOTALE | B32: =SUM(B13:B31) -> 1 | E32: =+SUM(E13:E31)/5 -> 1 | G32: =SUM(G13:G31) -> 0 | I32: =SUM(I13:I31) -> 0 | J32: =SUM(J13:J31)*100 -> 0
A33: Rapporto con Valore di Riferimenti (VR) | J33: =(J32/I34)*100 -> 0
G34: VR | H34: Per il 2023 il punteggio massimo attribuibile è pari a 409,00 | I34: 409 | J34: =IF((J33<=100),J33,IF((J33>100),"100",)) -> 0 | K34: % premio
A35: Legenda:
A36: (*) Punteggio per l'Autovalutazione e per la Valutazione | C36: Giudizio
A38: 0 | C38: Nessun contributo
A39: 1 | C39: Inferiore alle aspettative
A40: 2 | C40: Sufficiente in relazione alla aspettative
A41: 3 | C41: Positivo in relazione alle aspettative
A42: 4 | C42: Molto positivo in relazione alle aspettative
A43: 5 (N.B. assegnabile solo in sede di valutazione da parte del DG) | C43: Contributo eccellente rispetto a situazioni di contesto non ordinarie in un particolare ambito
A45: **Si ricorda che a partire dal 2022 è prevista solo per il D.G. la possibilità di segnare nella presente scheda di valutazione dei comportamenti un punteggio di valutazione pari a 5 per 1 voce di comportamento, in caso di contributo del dirigente eccellente rispetto a situazioni di contesto non ordinarie in un particolare ambito. Il punteggio massimo di autovalutazione è dunque pari a 4; nella colonna Motivazione punteggio autovalutazione, occorre riportare obbligatoriamente le motivazioni analitiche in corrispondenza delle voci per le quali è segnato in caso di nessun contributo e motivazioni sintetiche in corrispondenza delle voci per le quali è segnato un punteggio di autovalutazione pari a 1 o 4; tali motivazioni dovranno in ogni caso far riferimento a situazioni concrete. Tali motivazioni sono da inserire obbligatoriamente, pena l'irricevibilità della presente scheda ***Qualora la data di trasmissione della scheda dall'Area dirigenziale all'URSTA sia successiva al termine fissato nel SMVP (per la voce D.2c: il 31/01/2024; per la voce D.2d: il 29/02/2024) per uno o più unità di personale, il dirigente è chiamato a riportare nella scheda anche la data in cui la scheda di autovalutazione è stata trasmessa dall'interessato al dirigente. N.B. ricorre una valutazione negativa qualora – in sede di valutazione dei comportamenti organizzativi – il dirigente consegua un punteggio ponderato totale derivante dai giudizi pari o inferiore a 100 (ciò accade quando il valore medio del punteggio attribuito a tutti i criteri è compreso tra 1 – contributo inferiore alle aspettative e 0 – nessun contributo). Ciò rileva ai fini dell’accertamento della responsabilità dirigenziale ex articolo 21 del Dlgs 165/2001, che può portare all’impossibilità di rinnovo dell’incarico dirigenziale, fino alla revoca dell’incarico stesso ovvero al recesso dal rapporto di lavoro secondo le disposizioni del contratto collettivo nazionale. Come segnalato nel SMVP, in caso di valutazione negativa, inoltre, non si procede ad erogare all’unità di personale coinvolta (dirigente o personale t.a.) i compensi correlati alla valutazione della performance individuale e della performance organizzativa e si procede al recupero di quanto eventualmente corrisposto in acconto.

Sheet 4. RELAZIONE DI SINTESI
A1: RELAZIONE SINTETICA SUGLI OBIETTIVI OPERATIVI E SUGLI OBIETTIVI CONNESSI A COMPETENZE E COMPORTAMENTI
A11: PARTE PRIMA – OBIETTIVI(ob. organizzativi di struttura e trasversali, nonché eventuali obiettivi individuali)
A12: Per ognuno degli obiettivi operativi assegnati indicare il livello di raggiungimento, le principali attività poste in essere ed i risultati raggiunti.
A14: Max 1,5 pagine
A16: PARTE SECONDA : OBIETTIVI CONNESSI A COMPETENZE E COMPORTAMENTI
A17: La/Il dirigente è chiamato a soffermarsi in questa parte seconda della relazione (max 1,5 pagine) su aspetti o criticità particolarmente rilevanti affrontate nell’anno nella propria Area, rientranti in una o più delle seguenti categorie:
A18: Efficienza, economicità ed efficacia delle azioni
A19: Orientamento all’utente interno/esterno (anche in relazione ai servizi erogati a distanza)
A20: Leadership, Gestione e valorizzazione dei collaboratori (anche in ragione dello svolgimento dell’attività lavorativa in regime di SW)
A21: Capacità di programmazione e controllo (anche con riguardo alla programmazione del lavoro in modalità agile)
A22: Problem solving
A23: In tale parte i/le dirigenti dovranno dare evidenza, tra l’altro, delle effettive modalità di conduzione e gestione del lavoro agile nell'Area e negli Uffici afferenti
A24: Max 1,5 pagine

Sheet I. Obblighi Dirigenziali
A1: VALUTAZIONE DEI DIRIGENTI SCHEDA PER LA VALUTAZIONE DEGLI OBBLIGHI DIRIGENZIALI RILEVANTI AI FINI DELLA RETRIBUZIONE DI RISULTATO Il mancato rispetto dei seguenti obblighi vieta o decurta l'intera erogazione della retribuzione di risultato
A2: Data:
A4: Nome Dirigente valutato: Dott.ssa Colomba TUFANO
A5: N.B. A cura dell’Ufficio Organizzazione e Performance, il fascicolo di valutazione del/la dirigente sarà integrato con la presente Scheda, compilata sulla base dei dati in possesso dei competenti uffici delle Aree Risorse umane e Affari Legali, Privacy, Trattamenti Accessori e Pensionistici
A7: Obbligo Dirigenziale | B7: Riferimento Normativo | C7: Divieto Decurtazione | D7: Indicatore | E7: Valore Indicatore
A8: Esercizio azione disciplinare (1) | B8: Il mancato esercizio o la decadenza dell'azione disciplinare, dovuti all'omissione o al ritardo, senza giustificato motivo, degli atti del procedimento disciplinare o a valutazioni sull'insussistenza dell'illecito disciplinare irragionevoli o manifestamente infondate, in relazione a condotte aventi oggettiva e palese rilevanza disciplinare, comporta l'applicazione della sanzione disciplinare della sospensione dal servizio con privazione della retribuzione in proporzione alla gravità dell'infrazione non perseguita, fino ad un massimo di tre mesi in relazione alle infrazioni sanzionabili con il licenziamento, ed altresì la mancata attribuzione della retribuizone di risultato per un importo pari a quello spettante per il doppio del periodo della durata della sospensione (D.lgs. 165/2001 art. 55 sexies, comma 3) | C8: Decurtazione di un importo pari a quello spettante per il doppio del periodo della durata della sospensione | D8: Attuabile solo se in presenza di condotte contrarie ai doveri del dipendente: SI/No corretto esercizio del potere disciplinare | E8: a. SI: nessuna decurtazione b. No: Decurtazione di un importo pari a quello spettante per il doppio del periodo della durata della sospensione comminata in sede disciplinare
A9: (1) L'ufficio competente (Ufficio Affari Speciali del Personale) attesterà annualmente al Direttore Generale, sulla base della documentazione agli atti dell'ufficio, l'assenza o meno di sanzioni disciplinari irrogate al dirigente per una delle fattispecie sopra evidenziate nonchè all'Ufficio preposto alla liquidazione della retribuzione di risultato(UPTA)
A10: Controllo sulle assenze (2) | B10: Il Dirigente dell'Area in cui il dipendente lavora nonché il dirigente eventualmente preposto all'amministrazione generale del personale, secondo le rispettive competenze, curano l'osservanza delle disposizioni dell'art.55 septies del D.l. 165/2001 relative alle assenze, in particolare al fine di prevenire o contrastare, nell'interesse della funzionalità dell'ufficio, le condotte assenteistiche. Si applicano, al riguardo, le disposizioni degli articoli 21 e 55-sexies, comma 3 (D.lgs. 165/2001, Art. 55 septies, comma 6) | C10: Decurtazione di un importo pari a quello spettante per il doppio del periodo della durata della sospensione | D10: Per tutti i dirigenti (a) SI/NO: adozione di tutti gli atti di propria competenza per il personale in servizio presso l'Area e gli uffici ad essa afferenti Solo per i/le dirigenti delle Aree Risorse umane e Affari Legali, Privacy, Trattamenti Accessori e Pensionistici: (b) SI/NO: attuazione per il tramite degli uffici competenti (UASP e UAPPC) degli adempimenti conseguenti alle irregolarità comunicate dai singoli responsabili delle strutture | E10: Indicatore (a) Si: nessuna decurtazione No: Decurtazione di un importo pari a quello spettante per il doppio del periodo della durata della sospensione comminata in sede disciplinare Indicatore (b) Si: nessuna decurtazione No: Decurtazione di un importo pari a quello spettante per il doppio del periodo della durata della sospensione comminata in sede disciplinare
A11: (2) L'ufficio competente (Ufficio Affari Speciali del Personale) con l'eventuale supporto dell'Ufficio Assenze e Presenze Personale Contrattualizzato attesterà annualmente al Direttore Generale, sulla base della documentazione agli atti dell'ufficio, l'assenza o meno di sanzioni disciplinari irrogate al/alla dirigente per una delle fattispecie sopra evidenziate, nonchè all'Ufficio preposto alla liquidazione della retribuzione di risultato(UPTA)

Sheet II. ob. organizzativi di Ateneo
B1: SCHEDA PER LA VALUTAZIONE FINALE DEGLI OBIETTIVI ORGANIZZATIVI di ATENEO
B2: PESO: 10%*** DELLA RETRIBUZIONE DI RISULTATO COMPLESSIVA
B4: Data:
B5: Soggetto valutatore: Direttore Generale
B6: Nome dirigente valutato: Dott.ssa Colomba TUFANO
B7: N.B. A cura dell’Ufficio Organizzazione e Performance, il fascicolo di valutazione del dirigente sarà integrato con la presente Scheda, compilata sulla base dei dati acquisiti dalle competenti Strutture di Ateneo
B8: COMPILAZIONE A CURA DELL'UFFICIO ORGANIZZAZIONE E PERFORMANCE
A9: ob. N. | B9: Finalità | C9: Obiettivo/Azioni | D9: Indicatore | E9: Target 2023 | F9: Referente Amministrativo | G9: Descrizione dei risultati raggiunti al 31 dicembre | H9: Risultato Raggiunto (in %)
A10: 1 | B10: Strategico - PSA - OBIETTIVO 1 – Partecipazione - Azione 1.6 OBIETTIVO 2 - Riduzione delle diseguaglianze - Azione 2.3 OBIETTIVO 6 – Ricerca Globale - Azione 6.3 PRO3 - sez. 1, az. C1: Innovare i servizi agli studenti per la riduzione delle disuguaglianze. Miglioramento delle aule e degli spazi di studio PRO3 - sez. 2, az. B3 - Promuovere la ricerca a livello globale | C10: Ampliamento degli spazi destinati alla didattica e alle attività di servizio per gli studenti Integrazione degli interventi per il diritto allo studio e dei servizi per gli studenti con disabilità, anche attraverso azioni di ampliamento e adeguamento delle aule e degli spazi Realizzazione e potenziamento delle infrastrutture a supporto della ricerca anche attraverso accordi di partenariato pubblico – privato e costruzioni di alleanze tra l’Ateneo, altre Università ed Enti Pubblici e privati di ricerca Lavori di ampliamento degli spazi destinati ad attività didattica e di ricerca presso le sedi di San Giovanni e Frullone: Realizzazione di ulteriori spazi destinati ad aule, laboratori e infrastrutture: almeno mq 3.763 ulteriori disponibili per la didattica, almeno mq 897 ulteriori disponibili per la ricerca | D10: Stato di Avanzamento. Al termine del 2024, A) Mq di Spazi ulteriori realizzati, disponibili per la didattica B) Mq di Spazi ulteriori realizzati, destinati ad attività di ricerca (laboratori) | E10: Invio al DG della RELAZIONE A STRUTTURE ULTIMATE: 1) dei cantieri di San Giovanni (Moduli A1-A2) e Frullone entro il 31.12.2023; 2) invio al DG della RELAZIONE A STRUTTURE ULTIMATE del cantiere del Frullone entro il 31.12.2023 Attese le verifiche in corso con il MUR, il DG è autorizzato - all'esito delle stesse - a sottoporre alla firma del Rettore un decreto di rimodulazione dell'obiettivo/azioni | F10: Dirigente dell'Area Edilizia
A11: 2 | B11: Strategico - PSA - OBIETTIVO 6 – Ricerca Globale - Azione 6.1 | C11: Promuovere la qualità e la crescita della Ricerca in Ateneo, attraverso interventi volti a realizzare un circolo dinamico della conoscenza Supporto e valorizzazione delle attività di ricerca di Ateneo con particolare riferimento alla partecipazione a bandi competitivi Rafforzamento del supporto dell’Amministrazione Centrale alle attività di ricerca delle Strutture decentrate Dipartimenti di Eccellenza - Monitoraggio stato di attuazione dei progetti e dell'andamento della spesa | D11: n. report/anno | E11: n. 2 report, al 30.6.2023/31.10.2023, da trasmettere al DG rispettivamente entro il 31.7.2023 e 30.11.2023 | F11: Direttore generale, nonché: Dirigente ad interim dell'Area Ricerca e TM (anche con riferimento ai dati ricevuti dalle Strutture decentrate); Dirigenti dell'Area Attività Contrattuale, Area Edilizia, Area Didattica e Servizi agli Studenti, Area Risorse umane, ciascuno per la parte di competenza
A12: 3 | B12: Strategico - PSA - OBIETTIVO 6 – Ricerca Globale e OBIETTIVO 7 - Engaged University- Azioni 6.1 e 7.4 | C12: Promuovere la qualità e la crescita della Ricerca in Ateneo, attraverso interventi volti a realizzare un circolo dinamico della conoscenza Supporto e valorizzazione delle attività di ricerca di Ateneo con particolare riferimento alla partecipazione a bandi competitivi Partecipazione attiva alle reti pubblico-private, agli ecosistemi dell’innovazione e ai centri nazionali di ricerca in relazione al PNRR Rafforzamento del supporto dell’Amministrazione Centrale alle attività di ricerca delle Strutture decentrate Piano Nazionale di Ripresa e Resilienza - A) Stipula accordi di partenariato B) Monitoraggio stato di attuazione dei progetti e dell'andamento della spesa | D12: A) percentuale di progetti per i quali il CdA approva il testo dell'accordo da stipulare (hub/spoke o spoke/affiliati) B) n. report/anno | E12: A) 90% dei progetti entro il 30.11.2023 B)n. 2 report, al 30.6.2023/31.10.2023, da trasmettere al DG rispettivamente entro il 31.7.2023 e 30.11.2023 | F12: Direttore generale, nonché: Dirigente ad interim dell'Area Ricerca e TM con riferimento ai dati ricevuti dalle Strutture decentrate; Dirigenti dell'Area Attività Contrattuale, Area Edilizia, Area Didattica e Servizi agli Studenti, Area Risorse umane, ciascuno per la parte di competenza
A13: 4 | B13: PRO3 - Sez. 2, azione 2 - Promuovere la ricerca a livello globale - Trasferimento tecnologico e di conoscenze | C13: Promozione e Valorizzazione della Ricerca - Realizzazione di iniziative, eventi ed attività di divulgazione scientifica e di pubblica utilità, anche con interazioni con il mondo della scuola | D13: N. di iniziative/eventi/attività | E13: Almeno 82 | F13: Direttore Generale
A14: 5 | B14: Parità di Genere - GEP – Azione n. 17: Formazione specifica per commissioni di concorso e governance su Unconscious bias | C14: Formazione della comunità universitaria sulle tematiche di genere Realizzazione ed erogazione modulo aggiuntivo su "Unconscious Bias" all'interno del MOOC “Uguaglianza di genere e contrasto alle discriminazioni nelle università” su piattaforma Federica web learning | D14: a) n. iniziative/anno finalizzate alla diffusione del modulo tra i componenti delle Commissioni di concorso b) monitoraggio della fruizione da parte del personale della formazione (modulo aggiuntivo MOOC) prima della conclusione dei lavori della Commissione di concorso di cui fa parte: SI/NO | E14: a) almeno n. 1 b) SI | F14: Direttore Generale (con il supporto del personale del Centro FEDERICA WEB-LEARNING e dell'Ufficio formazione
A15: 6 | B15: Strategico - PSA- TRAIETTORIA Semplificazione e Università Agile Parità di Genere - GEP - Azione 1A - Lavoro Agile | C15: Investire nell’empowerment delle risorse umane Aggiornamento del disciplinare di Ateneo sul lavoro agile, alla luce del nuovo quadro normativo nazionale e delle previsioni del nuovo CCNL | D15: SI/N0 | E15: // (cfr. appendice 3.2.A al presente PIAO) | F15: Direttore generale e Dirigente della Area Risorse umane
A16: 7 | B16: Strategico - PSA- TRAIETTORIA Semplificazione e Università Agile Parità di Genere - GEP - Azione 1A - Lavoro Agile | C16: Investire nell’empowerment delle risorse umane e migliorare la qualità dei servizi. Introdurre ed attuare misure finalizzate ad accrescere il benessere dei lavoratori e delle lavoratrici e la conciliazione dei tempi di vita/lavoro. Contributo, per la parte di competenza, al monitoraggio degli indicatori riportati nella sezione LAVORO AGILE del presente PIAO, anche ai fini dell'elaborazione del PIAO 2024/26 | D16: n. report/anno | E16: almeno 2 | F16: Dirigente dell'Area Organizzazione e Sviluppo - unitamente al CSI di Ateneo - con il contributo di tutti i dirigenti, ciascuno per la parte di competenza
A17: 8 | B17: Strategico - PSA- TRAIETTORIA Semplificazione e Università Agile | C17: Semplificazione dei processi ed accelerazione dei tempi procedimentali. Reingegnerizzazione e digitalizzazione dei processi delle strutture di Ateneo | D17: Percentuale di attuazione - per i ruoli/procedure/esigenze tecnologiche/flussi di competenza - delle azioni di riprogettazione/adeguamento/ridefinizione da realizzare progressivamente nel triennio, individuate - a seguito di confronto con il Direttore generale e i dirigenti d'Area - dai Gruppi di lavoro interdisciplinari nominati dalla governance | E17: 1 | F17: Direttore Generale e Dirigenti
A18: 9 | B18: Strategico - PSA- TRAIETTORIA Semplificazione e Università Agile Parità di Genere - GEP - Azioni 2A e 2B | C18: Promozione richieste congedo parentale da parte dei padri A)Realizzazione/aggiornamento di materiale informativo (brochure/FAQ o video) per diffondere in Ateneo le conoscenze di base, giuridiche e procedurali, per la fruizione dei congedi parentali da parte dei padri; B) realizzazione di statistiche interne annuali di monitoraggio delle richieste di congedi parentali presentate per genere | D18: a) n. iniziative/anno realizzate per diffondere le informazioni sull'utilizzo dei congedi parentali da parte dei padri b) n. report/anno di monitoraggio delle richieste di congedi parentali presentate per genere | E18: A) ≥ 1 B) ≥ 1 | F18: Direttore Generale, con il supporto della Responsabile dell'Ufficio Assenze e Presenze Personale Contrattualizzato (UAPPC)
A19: 10 | B19: arità di Genere - GEP – Azione n. 3: Servizi di Welfare | C19: Iniziative finalizzate ad erogare nuovi servizi di welfare A)Progettazione e realizzazione di nuovi servizi di welfare per il personale di Ateneo B) Monitoraggio del livello di soddisfazione complessiva dei/delle dipendenti di Ateneo e del livello di soddisfazione per genere | D19: A) Stato di avanzamento della progettazione/realizzazione di nuovi servizi di welfare B) n./anno di monitoraggi del livello di soddisfazione complessiva del personale dipendente e del livello di soddisfazione per genere C) % dipendenti complessivamente soddisfatti/e | E19: A) progettazione di nuovi servizi di welfare B) ≥ 1 C) + 5% rispetto al 2022 | F19: Direttore Generale
A20: 11 | B20: Strategico - PSA - TRAIETTORIA Semplificazione e Università Agile | C20: Miglioramento organizzativo - A) Riassetto dell'Amministrazione Centrale. Costituzione ed avvio della funzionalità dei seguenti nuovi uffici: a) Ufficio Segreteria della Prorettrice e Ufficio Supporto ai processi decisionali; b) Ufficio Scatti Stipendiali; c) Ufficio Monitoraggio e Controllo; d) Ufficio di Supporto ai processi di Autovalutazione, Valutazione e Accreditamento e al Presidio di Qualità; e) Ufficio Supporto Legale ai Dipartimenti; f) Ufficio Supporto all’Internazionalizzazione di Ateneo g) Ufficio di Coordinamento PNRR e Dipartimenti di Eccellenza Area Ricerca e Terza Missione h) Ufficio di supporto alle strutture di Ateneo per le procedure di affidamento B) Standardizzazione dei servizi assicurati negli Uffici Dipartimentali, con riferimento alle aree tematiche Contabilità e Bilancio, Supporto per la Didattica, Supporto per la Ricerca: attuazione del nuovo modello organizzativo previsto nel decreto DG/2023/162 del 21/02/2023 | D20: stato di avanzamento | E20: AZIONE A) entro il 31.5.2023: 1. definizione delle competenze dei neoistituiti Uffici; 2. individuazione delle unità di personale tecnico-amministrativo da assegnare ai neoistituiti Uffici nell’ambito delle risorse umane già in carico nell’Area di riferimento ovvero proposta in ordine ai nuovi profili/professionalità da reclutare; 3. formulazione proposta in ordine alle modifiche utili/necessarie a garantire la piena funzionalità dei neoistituiti Uffici; AZIONE B) avvio | F20: AZIONE A) Direttore Generale e, per b) Dirigente Area Risorse Umane per c) Dirigente Area Edilizia per d) Dirigente Area Organizzazione e Sviluppo per e) Dirigente Area Legale, Privacy e Trattamenti Pensionistici per f) e g) Dirigente Area Ricerca e TM per h) Dirigente Area Attività Contrattuale AZIONE B) Direttore Generale
A21: 12 | B21: Strategico - PSA TRAIETTORIE 1-2-3-4 | C21: Contributo al miglioramento del Sistema di Governo e di Assicurazione della Qualità dell’Ateneo | D21: % di attuazione delle azioni di miglioramento raccomandate come prioritarie da NdV/PQA | E21: 1 | F21: Direttore generale e dirigenti
A22: 13 | B22: PSA - Transizione Ecologica Efficientamento energetico (Dieci azioni per il risparmio energetico e l'uso intelligente e razionale dell'energia nella PA-Dipartimento della Funzione Pubblica) | C22: Iniziative, misure e soluzioni organizzative adottate per promuovere/favorire l'uso razionale dell'energia, delle fonti energetiche rinnovabili e delle risorse naturali. A) Realizzazione di punti di erogazione/prelievo di acqua potabile negli edifici universitari. B) Diffusione di indicazioni operative su risparmio ed efficienza energetica in Ufficio C) Formazione specifica del personale | D22: A) n. punti di prelievo realizzati, funzionanti ed aperti alla fruizione B) SI/NO C) Stato di avanzamento | E22: A) almeno n. 30, completi di QR code UNIAQUAM B) SI, con almeno 2 canali di comunicazione C) verifica dell'offerta formativa disponibile, prioritariamente su piattaforme pubbliche e progettazione degli interventi | F22: Dirigente dell'Area Edilizia/Dirigente dell'Area Attività contrattuale/Dirigente dell'Area Organizzazione e Sviluppo
A23: 14 | B23: Strategico - PSA - TRAIETTORIA 3- Semplificazione ed Università Agile OBIETTIVO 4 – Responsabilità e Gestione Sostenibile Azione 4.3 | C23: Definire processi e strumenti per la gestione degli edifici federiciani volti al miglioramento del benessere e della sicurezza Implementazione del Cruscotto di Monitoraggio a supporto dei Piani di miglioramento derivanti dai DVR | D23: a) n. dipartimenti le cui informazioni sono caricate nel cruscotto b) n. dipartimenti per i quali è presente un piano di realizzazione degli interventi | E23: A) n. 3 Dipartimenti sul totale B) n 3. Dipartimenti sul totale | F23: Dirigente dell'Area Prevenzione e Protezione
A24: 15 | B24: Strategico - PSA - TRAIETTORIA 3- Semplificazione ed Università Agile OBIETTIVO 4 – Responsabilità e Gestione Sostenibile - Azione 4.3 | C24: Definire processi e strumenti per la gestione degli edifici federiciani volti al miglioramento del benessere e della sicurezza Implementazione del Piano di audit della sicurezza | D24: % delle UO sottoposte ad analisi con emissione del report | E24: 1 | F24: Dirigente dell'Area Prevenzione e Protezione
B26: *** l’articolazione dei pesi tra le diverse tipologie di obiettivi è fissata nel PIAO, nel rispetto delle previsioni del SMVP: è fissa la percentuale del 5% per gli specifici obiettivi collegati all’ascolto dell’utenza ed alle conseguenti azioni di miglioramento e per gli obiettivi collegati ai miglioramenti di efficienza e di efficacia (obiettivi di continuità); è fissa la percentuale del 45% riguardante gli obiettivi di comportamento organizzativo; gli eventuali obiettivi individuali pesano tra 0 e il 10%; i restanti punti percentuali sono suddivisi tra gli obiettivi strategici di Ateneo e gli obiettivi, anche trasversali, attribuiti alle Aree dell'amministrazione.

Sheet III. Obiettivi_Continuità
A1: SCHEDA PER LA VALUTAZIONE FINALE DEGLI OBIETTIVI DI CONTINUTA' DEGLI UFFICI AFFERENTI ALL'AREA
A2: PESO: 5% DELLA RETRIBUZIONE DI RISULTATO COMPLESSIVA
A4: Data:
A5: Soggetto valutatore: Direttore Generale
A6: Nome dirigente valutato: Dott.ssa Colomba TUFANO
A8: N.B. la presente SCHEDA è compilata a cura dell’URSTA sulla base dei dati acquisiti dagli Uffici afferenti a ciascuna Area.
